 Dungeon Crawl Stone Soup version 0.26.0-10-g1f06aea511 (webtiles) character file.

Game seed: 8629970806649075055

21 Dracia the Poker (level 2, 0/22 HPs)
             Began as a Demonspawn Gladiator on Jan 17, 2021.
             Slain by an adder (2 damage)
             ... on level 2 of the Dungeon.
             The game lasted 00:02:12 (754 turns).

Dracia the Poker (Demonspawn Gladiator)              Turns: 754, Time: 00:02:13

Health: 0/22       AC:  9    Str: 14    XL:     2   Next: 65%
Magic:  2/2        EV:  7    Int:  9    God:
Gold:   50         SH:  0    Dex: 14    Spells: 1/1 levels left

rFire    . . .     SeeInvis .   a - +0 trident
rCold    . . .     Faith    .   (no shield)
rNeg     . . .     Spirit   .   m - +0 chain mail
rPois    .         Reflect  .   c - +0 helmet
rElec    .         Harm     .   (no cloak)
rCorr    .         Rampage  .   (no gloves)
Will     .....                  (no boots)
Stlth    ..........             (no amulet)
HPRegen  0.07/turn              (no ring)
MPRegen  0.08/turn              (no ring)

@: no status effects
A: powered by death 1
a: no special abilities


You were on level 2 of the Dungeon.
You visited 1 branch of the dungeon, and saw 2 of its levels.

You collected 50 gold pieces.


Innate Abilities, Weirdness & Mutations

You regenerate a little health from kills.


   Skills:
 - Level 2.0 Fighting
 + Level 3.6 Polearms
 - Level 1.7 Throwing
 - Level 2.6 Dodging


You had one spell level left.
You didn't know any spells.
Your spell library was empty.

Inventory:

Hand Weapons
 a - a +0 trident (weapon)
Missiles
 d - 3 throwing nets (quivered) {=f=f}
Armour
 b - a +0 leather armour
 c - a +0 helmet (worn)
 f - a +0 ring mail
 m - a +0 chain mail (worn)
Wands
 h - a wand of acid (14)
Scrolls
 e - a scroll of identify {@r1@r1}
 i - a scroll of teleportation {@r4@r4}
 k - a scroll of remove curse {@r2@r2}
 l - a scroll of amnesia
Potions
 g - 2 potions of degeneration {unknown}
 j - a potion of magic

Dungeon Overview and Level Annotations

Branches:
Dungeon (2/15)

Altars:

#.......# ##.#.#
#.......# #.#.#
#.......# #.#.#
#.......# #...#
#.......# #...#
#.......# ##..#
#.......#####..#
#####.......#..#
#######@#.>#
##S#### ..


#BBh# ... #.B.# ..$. #...# ...# #...# B..#...# ##.#...# #......# You could see
an adder, a jackal and 3 giant cockroaches.


Message History

The adder is severely wounded.
The adder barely misses you.
Unknown command.
Your chain mail prevents you from hitting the adder.
The adder is heavily wounded.
The adder bites you but does no damage. x2
You miss the adder.
The adder is heavily wounded.
The adder barely misses you.
You barely miss the adder.
The adder is heavily wounded.
You feel sick.
You are no longer poisoned.
The adder bites you but does no damage. x2
You miss the adder.
The adder is heavily wounded.
The adder barely misses you.
Unknown command.
You hit the adder.
The adder is almost dead.
The adder bites you.
* * * LOW HITPOINT WARNING * * *
The adder bites you but does no damage.
You miss the adder.
The adder is almost dead.
The adder barely misses you.
You miss the adder.
The adder is almost dead.
The adder barely misses you. The adder bites you.
You die...

Skill      XL: |  1 |
---------------+----+-----
Polearms       | 3 |  3.6
Fighting       | |  2.0
Throwing       | |  1.7
Dodging        | |  2.6

Action                   || total
-------------------------++-------
Melee: Trident           ||    68
  Use: Scroll            ||     5
Armor: Ring mail         ||     3
       Chain mail        ||    23
Dodge: Dodged            ||    35

Levels and vault maps discovered:
D:1:      saegor_arrival_simple_b, layout_rooms
D:2:      minmay_roachtagon, layout_basic, marbit_many_paths,
          minmay_misc_feat_secret_circle

Notes
Turn   | Place    | Note
-------+----------+-------------------------------------------
     0 | D:1      | Dracia the Demonspawn Gladiator began the quest for the
                  | Orb.
     0 | D:1      | Reached XP level 1. HP: 16/16 MP: 1/1
   271 | D:1      | Reached skill level 3 in Polearms
   432 | D:2      | Gained mutation: You regenerate a little health from kills.
                  | [demonic ancestry]
   432 | D:2      | Reached XP level 2. HP: 21/22 MP: 2/2
   752 | D:2      | HP: 2/22 [adder (4)]
   754 | D:2      | Slain by an adder

Vanquished Creatures
  2 worms (D:2)
  A leopard gecko (D:2)
  A goblin (D:2)
  2 hobgoblins
  A jackal (D:2)
  3 kobolds
  A bat (D:1)
  A frilled lizard (D:1)
  3 rats (D:1)
15 creatures vanquished.

Table legend: (Time is in decaauts)
 A = Elapsed time spent in this place.
 B = Non-inter-level travel time spent in this place.
 C = Inter-level travel time spent in this place.
 D = Time resting spent in this place.
 E = Time spent auto-exploring this place.
 F = Levels seen in this place.
 G = Mean time per level.
                   A        B        C        D        E       F      G
               +--------+--------+--------+--------+--------+-----+--------+
         Total |    762 |    746 |     16 |      0 |    580 |   2 |  381.0 |
       Dungeon |    762 |    746 |     16 |      0 |    580 |   2 |  381.0 |
               +--------+--------+--------+--------+--------+-----+--------+

Top non-repeatable levels by time:
     D:2: 415 daAuts
     D:1: 347 daAuts

Table legend:
 A = Non-vault XP
 B = Vault XP
 C = Vault XP percentage of total XP
 D = Non-vault monster count
 E = Vault monster count
 F = Vault count percentage of total count
                 A         B        C        D         E       F
            +---------+---------+-------+---------+---------+-------
      Total |      31 |       0 |   0.0 |      15 |       0 |   0.0
            +---------+---------+-------+---------+---------+-------
        D:1 |       9 |       0 |   0.0 |       7 |       0 |   0.0
        D:2 |      22 |       0 |   0.0 |       8 |       0 |   0.0
            +---------+---------+-------+---------+---------+-------
